 Dungeon Crawl Stone Soup version 0.29-a0-330-g52719c12eb (webtiles) character file.

Game seed: 8903614761220993410

2076 kae the Firebug (level 8, 0/57 HPs)
             Began as a Demigod Fire Elementalist on Apr 27, 2022.
             Slain by an ancient zyme (12 damage)
             ... on level 1 of the Abyss.
             The game lasted 00:06:34 (7575 turns).

kae the Firebug (Demigod Fire Elementalist)         Turns: 7575, Time: 00:06:35

Health: 0/57       AC: 12    Str: 11    XL:     8   Next: 77%
Magic:  19/19      EV: 10    Int: 25    God:
Gold:   411        SH:  0    Dex: 14    Spells: 4/17 levels left

rFire   . . .      SeeInvis .   o - +4 spear of Suakestusche {venom, rElec Str+4}
rCold   + + .      Faith    .   (no shield)
rNeg    . . .      Spirit   .   d - +2 ring mail of Vanity {Rampage rPois rC++ Str-2}
rPois   +          Reflect  .   (no helmet)
rElec   +          Harm     .   (no cloak)
rCorr   .          Rampage  +   (no gloves)
Will    .....                   (no boots)
Stlth   +.........              (no amulet)
HPRegen 0.00/turn               e - ring of flight
MPRegen 0.16/turn               f - +4 ring of protection

@: on berserk cooldown, sick, flying, slowed, very slow
A: high MP 1, forlorn, divine attributes
a: no special abilities


You were on level 1 of the Abyss.
You visited 1 branch of the dungeon, and saw 6 of its levels.
You visited the Abyss 1 time.

You collected 411 gold pieces.

Inventory:

Hand Weapons
 h - a +1 mace
 o - the +4 spear of Suakestusche (weapon) {venom, rElec Str+4}
   (You found it on level 4 of the Dungeon)

   It poisons the flesh of those it strikes.
   Str:       It affects your strength (+4).
   rElec:     It insulates you from electricity.
Armour
 a - a +1 robe
 d - the +2 ring mail of Vanity (worn) {Rampage rPois rC++ Str-2}
   (You found it on level 2 of the Dungeon)

   Str:       It affects your strength (-2).
   rC:        It greatly protects you from cold.
   rPois:     It protects you from poison.
   Rampage:   It bestows one free step when moving towards enemies.
Jewellery
 e - a ring of flight (left hand)
 f - a +4 ring of protection (right hand)
 l - a ring of willpower
 r - a ring of protection from cold
 y - a ring of resist corrosion
Wands
 t - a wand of polymorph (8)
 v - a wand of flame (4)
Scrolls
 g - a scroll of identify
 i - a scroll of amnesia
 m - 2 scrolls of magic mapping
 x - 3 scrolls of enchant weapon
Potions
 b - 2 potions of magic
 j - 3 potions of degeneration
 k - 2 potions of curing
 n - 4 potions of flight
 p - a potion of brilliance
 s - a potion of berserk rage


   Skills:
 - Level 5.0 Armour
 - Level 1.7 Dodging
 - Level 1.7 Stealth
 + Level 5.3 Spellcasting
 + Level 5.5 Conjurations
 + Level 6.1 Fire Magic


You had 4 spell levels left.
You knew the following spells:

 Your Spells              Type           Power      Damage    Failure   Level
a - Foxfire               Conj/Fire      100%       2x1d9     1%          1
b - Scorch                Fire           74%        2d9       2%          2
c - Conjure Flame         Conj/Fire      35%        6-21      4%          3
d - Inner Flame           Hex/Fire       22%        N/A       16%         3
e - Flame Wave            Conj/Fire      35%        2d8       16%         4

Your spell library contained the following spells:

 Spells                   Type           Power      Damage    Failure   Level
 Animate Skeleton         Necr           12%        N/A       17%         1
 Pain                     Necr           24%        1d5       17%         1
 Call Canine Familiar     Summ           6%         N/A       45%         3
 Portal Projectile        Hex/Tloc       12%        N/A       45%         3
 Vampiric Draining        Necr           6%         2d6       45%         3
 Leda's Liquefaction      Hex/Erth       3%         N/A       86%         4
 Irradiate                Conj/Tmut      10%        3d16      83%         5
 Blade Hands              Tmut           3%         N/A       99%         5
 Dragon Form              Tmut           3%         N/A       100%        7


Dungeon Overview and Level Annotations

Branches:
Dungeon (6/15)             Temple (0/1) D:4

Annotations:
D:3 1 runed translucent door, Zgarb's ghost, amateur FoHu
D:6 Maggie


Innate Abilities, Weirdness & Mutations

You have an increased reservoir of magic. (+10% MP)
You shall have no god before yourself.
Your divine heritage dramatically boosts your attributes as you level up.


Message History

The ancient zyme is moderately damaged.
The ancient zyme closely misses you. The ancient zyme barely misses you.
You feel ill.
You hit the ancient zyme.
The ancient zyme is moderately damaged.
The ancient zyme closely misses you. The ancient zyme barely misses you.
You feel ill.
You puncture the ancient zyme!
The ancient zyme is severely damaged.
You hit the ancient zyme.
The ancient zyme is severely damaged.
The ancient zyme hits you.
* * * LOW HITPOINT WARNING * * *
The ancient zyme barely misses you.
You puncture the ancient zyme!
The ancient zyme is almost destroyed.
The ancient zyme misses you.
The ancient zyme hits you but does no damage.
You puncture the ancient zyme!
You destroy the ancient zyme!
That felt strangely unrewarding.
The substance of the Abyss twists violently, and a gateway leading out appears!
There is a gateway leading out of the Abyss here.
You hit the ancient zyme but do no damage.
The ancient zyme hits you.
* * * LOW HITPOINT WARNING * * *
The ancient zyme completely misses you.
You closely miss the ancient zyme.
The ancient zyme hits you but does no damage. x2
You barely miss the ancient zyme. You puncture the ancient zyme!
The ancient zyme is lightly damaged.
The ancient zyme barely misses you. The ancient zyme hits you.
* * * LOW HITPOINT WARNING * * *
You are no longer berserk.
You are exhausted.
You feel yourself slow down. The ancient zyme hits you.
* * * LOW HITPOINT WARNING * * *
The ancient zyme hits you!
You die...

.. .. #. #
.### .###
##.#.##...
#.......
#..#..## #
#...#.# .#
..#.#@.§#####.
.# #...#.x##
.. ..
#.#...§..##.#
.# ..
##..#.....##
#.# #
......##.##...
..# . .....
##.# .##..##
...###.
.##....#.# ..#
#. .#. ..##.##
. . .. .. ...
# . . .#


You could see an ancient zyme.

Vanquished Creatures
  An ancient zyme (Abyss:1)
  Grinder (D:6)
  Sigmund (D:6)
  A ynoxinul (Abyss:1)
  2 small abominations (Abyss:1)
  Menkaure (D:4)
  A sky beast (D:6)
  A black bear (D:5)
  A centaur (D:6)
  2 phantoms
  A necrophage (D:4)
  Blork the orc (D:5)
  A bullfrog (D:6)
  4 scorpions
  A howler monkey (D:5)
  2 jellies
  3 orc priests
  2 hounds (D:4)
  Ijyb (D:5)
  3 iguanas
  3 orc wizards
  Robin (D:3)
  7 adders
  13 gnolls
  An ufetubus (D:5)
  A worm (D:4)
  4 dart slugs
  21 orcs
  14 endoplasms
  8 goblins
  13 hobgoblins
  10 jackals
  A kobold (D:4)
  4 quokkas
  A ball python (D:3)
  6 bats
  A frilled lizard (D:2)
  3 rats (D:3)
143 creatures vanquished.

Vanquished Creatures (collateral kills)
  A foxfire (D:1)
1 creature vanquished.

Vanquished Creatures (others)
  A demonic plant (D:1)
  375 foxfires
  2 plants (D:6)
378 creatures vanquished.

Grand Total: 522 creatures vanquished

Notes
Turn   | Place    | Note
-------+----------+-------------------------------------------
     0 | D:1      | kae the Demigod Fire Elementalist began the quest for the
                  | Orb.
     0 | D:1      | Reached XP level 1. HP: 14/14 MP: 5/5
    31 | D:1      | Reached skill level 1 in Conjurations
   534 | D:1      | Reached XP level 2. HP: 6/20 MP: 0/7
   962 | D:1      | Noticed a chaos spawn
  1295 | D:2      | Reached skill level 3 in Fire Magic
  1646 | D:2      | Identified the +2 ring mail of Vanity {Rampage rPois rC++
                  | Str-2}
  1679 | D:2      | Reached XP level 3. HP: 21/26 MP: 3/9
  2252 | D:3      | Learned a level 2 spell: Scorch
  2256 | D:3      | Learned a level 3 spell: Conjure Flame
  2684 | D:3      | Reached skill level 1 in Armour
  2684 | D:3      | Reached XP level 4. HP: 11/33 MP: 4/10
  2951 | D:3      | Noticed Robin
  2962 | D:3      | Killed Robin
  3310 | D:3      | Reached XP level 5. HP: 38/38 MP: 9/12
  3447 | D:3      | Found a runed translucent door.
  3448 | D:3      | Noticed Zgarb's ghost (amateur FoHu)
  3786 | D:4      | Found a staircase to the Ecumenical Temple.
  3827 | D:4      | Noticed Menkaure
  3830 | D:4      | Killed Menkaure
  3831 | D:4      | Reached skill level 4 in Fire Magic
  3831 | D:4      | Reached XP level 6. HP: 45/45 MP: 9/13
  4030 | D:4      | Identified the +4 spear of Suakestusche {venom, rElec
                  | Str+4}
  4599 | D:4      | Identified the +6 falchion of Inguf {spect, rCorr Int-4
                  | Dex+3}
  4750 | D:4      | Reached XP level 7. HP: 50/50 MP: 12/15
  4920 | D:5      | Entered Level 5 of the Dungeon
  5562 | D:5      | Reached skill level 5 in Fire Magic
  5579 | D:5      | Noticed Blork the orc
  5587 | D:5      | Killed Blork the orc
  5894 | D:5      | Noticed Ijyb
  5903 | D:5      | Killed Ijyb
  6090 | D:5      | Learned a level 3 spell: Inner Flame
  6095 | D:5      | Learned a level 4 spell: Flame Wave
  6342 | D:5      | Reached XP level 8. HP: 57/57 MP: 11/18
  6584 | D:6      | Noticed Sigmund
  6590 | D:6      | Killed Sigmund
  6591 | D:6      | Reached skill level 5 in Conjurations
  6846 | D:6      | Reached skill level 5 in Spellcasting
  7186 | D:6      | Noticed Grinder
  7191 | D:6      | Paralysed by Grinder for 3 turns
  7199 | D:6      | Killed Grinder
  7200 | D:6      | Reached skill level 5 in Armour
  7200 | D:6      | Reached skill level 6 in Fire Magic
  7309 | D:6      | Noticed Maggie
  7321 | D:6      | Cast into level 1 of the Abyss (Maggie)
  7403 | Abyss:1  | Noticed a rakshasa
  7431 | Abyss:1  | Noticed an ancient zyme
  7504 | Abyss:1  | Noticed a large abomination
  7534 | Abyss:1  | Noticed an ancient zyme
  7556 | Abyss:1  | Noticed an ancient zyme
  7569 | Abyss:1  | Killed an ancient zyme
  7575 | Abyss:1  | Slain by an ancient zyme

Illustrated notes

Levels and vault maps discovered:
D:1:      lemuel_arrival_lava_pool, layout_basic,
          dreamdust_ecumenical_altar_sealed_demon
D:2:      layout_loops_ring, basic_altar
D:3:      layout_loops_ring, ebering_ghost_sewer_d, kennysheep_generic_room_2,
          uniq_robin
D:4:      layout_loops_ring, chequers_temple_overflow_statue_of_worship,
          minmay_temple_entry_tees, kennysheep_nondescript, minmay_bent,
          uniq_menkaure
D:5:      layout_loops_ring, nemelex_spade_bored_becter, lemuel_tele_altar,
          kennysheep_opposing_triangles, uniq_ijyb, uniq_blork_the_orc
D:6:      layout_cave_pods, gammafunk_temple_overflow_forgotten, uniq_sigmund,
          uniq_maggie, uniq_grinder
Abyss:1:  base:
D:3

Skill      XL: |  1  2  3  4  5  6  7  8 |
---------------+-------------------------+-----
Conjurations   | 1 2 3 4 5 |  5.5
Spellcasting   | 2 3 4 5 |  5.3
Fire Magic     | 3 4 5 6 |  6.1
Armour         | 1 2 3 4 5 |  5.0
Dodging        | |  1.7
Stealth        | |  1.7

Action                   |  1- 3 |  4- 6 |  7- 9 || total
-------------------------+-------+-------+-------++-------
Melee: Mace              |    20 |    30 |       ||    50
       Spear             |       |    23 |    14 ||    37
 Cast: Foxfire           |    64 |    47 |   118 ||   229
       Scorch            |     2 |    15 |    38 ||    55
       Conjure Flame     |       |       |     1 ||     1
  Use: Scroll            |     4 |     1 |     9 ||    14
       Potion            |     3 |       |     1 ||     4
 Stab: Sleeping          |       |     1 |       ||     1
Armor: Robe              |     3 |       |       ||     3
       Ring mail         |    26 |    39 |    40 ||   105
Dodge: Dodged            |    27 |    33 |    49 ||   109

Table legend: (Time is in decaauts)
 A = Elapsed time spent in this place.
 B = Non-inter-level travel time spent in this place.
 C = Inter-level travel time spent in this place.
 D = Time resting spent in this place.
 E = Time spent auto-exploring this place.
 F = Levels seen in this place.
 G = Mean time per level.
                   A        B        C        D        E       F      G
               +--------+--------+--------+--------+--------+-----+--------+
         Total |   7582 |   7273 |    309 |     71 |   5932 |   7 | 1083.1 |
       Dungeon |   7332 |   7023 |    309 |     61 |   5838 |   6 | 1222.0 |
         Abyss |    250 |    250 |      0 |     10 |     94 |   1 |  250.0 |
               +--------+--------+--------+--------+--------+-----+--------+

Top non-repeatable levels by time:
     D:5: 1538 daAuts
     D:1: 1309 daAuts
     D:4: 1280 daAuts
     D:3: 1266 daAuts
     D:2: 1073 daAuts
     D:6: 864 daAuts
 Abyss:1: 250 daAuts
